 Dungeon Crawl Stone Soup version 0.16-b1 (webtiles) character file.

235542 dysrexia the Bludgeoner (level 19, -14/108 HPs)
             Began as a Vine Stalker Gladiator on Mar 4, 2015.
             Was the Champion of Ashenzari.
             Killed from afar by a shock serpent (24 damage)
             ... with a bolt of electricity
             ... on level 5 of the Snake Pit on Mar 5, 2015.
             The game lasted 03:05:56 (29609 turns).

dysrexia the Bludgeoner (Vine Stalker Gladiator)   Turns: 29609, Time: 03:05:56

Health: -14/108    AC: 29    Str: 32    XL:     19   Next: 63%
Magic:  0/29       EV: 15    Int:  8    God:    Ashenzari [******]
Gold:   1647       SH: 14    Dex: 18    Spells: 1 memorised, 14 levels left

rFire  . . .     SeeInvis +     g - +2 morningstar (flame) (curse)
rCold  + . .     Clarity  +     M - +2 plate armour {rC+} (curse)
rNeg   . . .     SustAb   .     b - +0 shield (curse)
rPois  +         Gourm    .     c - +0 helmet (curse)
rElec  .         Spirit   +     F - +1 cloak {rPois} (curse)
rCorr  +         Warding  .     Q - +2 pair of gloves {Str+3} (curse)
rMut   .         Stasis   .     R - +0 pair of boots (curse)
MR     +++..                    P - amulet of resist corrosion (curse)
Stlth  ..........               w - +6 ring of strength (curse)
                                u - ring of protection from magic (curse)

@: very slightly contaminated, hasted, very quick, extremely resistant to
hostile enchantments, extremely unstealthy
A: fangs 3, blink 1, regeneration 3, magic shield, antimagic bite, no device
heal 3, rot immunity
a: Blink, Scrying, Transfer Knowledge, Renounce Religion
}: 1/15 runes: barnacled


You were on level 5 of the Snake Pit.
You worshipped Ashenzari.
Ashenzari was exalted by your worship.
You were not hungry.

You visited 6 branches of the dungeon, and saw 38 of its levels.
You visited 1 bazaar.
You also visited: Ossuary and Ice Cave.

You collected 3861 gold pieces.
You spent 2214 gold pieces at shops.

Inventory:

Hand weapons
 g - a cursed +2 morningstar of flaming (weapon)
Missiles
 q - 6 throwing nets (quivered)
Armour
 b - a cursed +0 shield (worn)
 c - a cursed +0 helmet (worn)
 r - the cursed +0 cloak of the Albatross {+Inv rF+ MR+ Dex-3}
   (You bought it in a shop on level 1 of the Shoals)

   It affects your dexterity (-3).
   It protects you from fire.
   It affects your resistance to hostile enchantments.
   It lets you turn invisible.
   It has a curse placed upon it.
 F - a cursed +1 cloak of poison resistance (worn)
 M - a cursed +2 plate armour of cold resistance (worn)
 Q - a cursed +2 pair of gloves of strength (worn)
 R - a cursed +0 pair of boots (worn)
Jewellery
 u - a cursed ring of protection from magic (left hand)
 w - a cursed +6 ring of strength (right hand)
 P - a cursed amulet of resist corrosion (around neck)
Magical devices
 l - a wand of cold (6)
 y - a wand of draining (9)
 I - a wand of digging (8)
 T - a wand of disintegration (12)
 W - a wand of fireball (6)
Scrolls
 a - a scroll of summoning
 d - 2 scrolls of magic mapping
 h - 4 scrolls of fog
 m - 3 scrolls of identify
 s - 10 scrolls of teleportation
 E - 2 scrolls of silence
 G - 2 scrolls of recharging
 H - 2 scrolls of remove curse
 O - a scroll of fear
Potions
 e - 10 potions of curing
 k - 5 potions of haste
 n - 3 potions of cancellation
 o - 10 potions of agility
 p - 2 potions of brilliance
 t - 4 potions of flight
 A - 7 potions of resistance
 C - 5 potions of magic
 J - 4 potions of might
 L - 3 potions of berserk rage
Miscellaneous
 z - a phial of floods
 K - a lamp of fire
 N - a stone of tremors
 V - a sack of spiders
 X - a phantom mirror
Comestibles
 f - 17 bread rations
 i - 9 poisonous chunks of flesh
 j - 4 fruits
 D - 10 meat rations


   Skills:
 + Level 15.4 Fighting
 + Level 18.4(22.0) Maces & Flails
 - Level 1.7 Throwing
 - Level 10.6(16.1) Armour
 - Level 11.0 Dodging
 + Level 7.9(11.0) Shields
 - Level 5.2(9.7) Charms
 - Level 5.5(10.0) Evocations


You had 14 spell levels left.
You knew the following spells:

 Your Spells              Type           Power        Failure   Level  Hunger
a - Control Teleport      Chrm/Tloc      #.........   100%        4    #####..


Dungeon Overview and Level Annotations

Branches:
Dungeon (15/15)            Temple (1/1) D:4            Lair (8/8) D:8
 Shoals (5/5) Lair:3        Snake (5/5) Lair:6        Slime (0/6) Lair:8
    Orc (4/4) D:10            Elf (0/3) Orc:4        Vaults (0/5) D:14
 Depths (0/5) D:15

Altars:
Ashenzari
Cheibriados
Elyvilon
Fedhas
Makhleb
Okawaru
Qazlal
Ru
Sif Muna
Trog
Vehumet
Yredelemnul
Zin
The Shining One
Beogh

Shops:
D:7 *   D:11 (   D:14 !   Orc:2 *   Orc:4 ?(}   Shoals:1 [

Annotations:
D:11 4 runed doors
Shoals:1 exclusion: door
Shoals:5 exclusion: Roxanne, Roxanne
Snake:4 3 runed doors
Snake:5 Wiglaf


Innate Abilities, Weirdness & Mutations

You have razor-sharp teeth.
You regenerate.
When hurt, damage is shared between your health and your magic reserves.
Your bite disrupts and absorbs the magic of your enemies.
Potions and wands cannot restore your health.
You are immune to rotting.
You can translocate small distances at will.


Message History

Read which item? (? for menu, Esc to quit)
Okay, then.
Evoke which item? (* to show all) (? for menu, Esc to quit)
Okay, then.
Drink which item? (? for menu, Esc to quit)
Okay, then.
Press: ? - help, v - describe, . - travel
Here: a greater naga, wearing a robe (fast)
The floor, spattered with blood.
Drink which item? (? for menu, Esc to quit)
Okay, then.
Press: ? - help, v - describe, . - travel
Here: Wiglaf, wielding a war axe of flaming, wearing a crystal plate armour and wearing a shield (lightly wounded, fast, unusually strong)
The floor.
Wiglaf says, "Ma axe will split yer heid!"
A shock serpent comes into view.
The shock serpent hisses angrily.
The shock serpent shoots out a bolt of lightning at you!
The bolt of electricity hits you!
You die...

#.....#######.##.....#.#..#
##.......(.....#.....##.#..#
#..............#'#####..'..#
##.......................#..#
#........................####
##...........................
##...(......................
#......(.........S.........
########()@.###############
#))..# ##...g## #......# #.(....#
#.(....# ########
######......#####......###
#####...((...................#
####......(....).N...............


You could see Wiglaf, a greater naga and a shock serpent.

Vanquished Creatures
  Norris (Shoals:3)
  Nikola (Shoals:2)
  Agnes (Shoals:4)
  Ilsuiw (Shoals:5)
  A greater naga (Snake:5)
  2 orc warlords (Orc:4)
  Aizul (Shoals:3)
  Gastronok (Lair:1)
  A dire elephant (Lair:8)
  6 merfolk javelineers
  2 blizzard demons (IceCv)
  Josephine (D:11)
  11 hydras
  4 merfolk impalers
  Fannar (Lair:6)
  Harold (Lair:1)
  7 naga warriors
  Nessos (D:11)
  2 merfolk avatars
  10 anacondas
  A centaur warrior (D:13)
  An alligator snapping turtle (Shoals:1)
  Erica (Lair:1)
  3 merfolk aquamancers
  5 satyrs
  A death yak (Lair:5)
  A vampire mage (D:15)
  6 orc high priests (Orc:4)
  A sun demon (D:12)
  4 naga sharpshooters
  5 shock serpents
  Nergalle (Lair:1)
  2 unseen horrors
  9 sea snakes
  6 salamander mystics
  4 skeletal warriors (D:15)
  5 ice devils (IceCv)
  A lindwurm (Lair:8)
  3 naga ritualists
  17 harpies
  5 hill giants
  A wizard (Lair:8)
  3 mana vipers
  4 orc knights (Orc:4)
  An oklob plant (Lair:8)
  A necromancer (D:15)
  4 cyclopes
  A deep elf conjurer (D:15)
  11 ugly things
  6 griffons
  5 orc sorcerers (Orc:4)
  17 salamanders
  A sphinx skeleton (D:15)
  15 fauns
  4 water nymphs
  7 manticores
  An elephant (Lair:7)
  3 gargoyles
  3 sirens
  39 black mambas
  4 guardian serpents
  12 spiny frogs
  7 naga magi
  A queen ant (Lair:3)
  2 centaur skeletons (D:12)
  Psyche (D:13)
  An emperor scorpion zombie (D:15)
  4 anaconda simulacra (IceCv)
  A yaktaur zombie (D:15)
  2 golden dragon simulacra (IceCv)
  A kobold demonologist (D:12)
  10 komodo dragons
  A guardian mummy (D:15)
  33 merfolk
  4 fire drakes
  3 freezing wraiths (IceCv)
  A polar bear (Lair:8)
  A troll (shapeshifter) (D:13)
  6 trolls
  3 wind drakes
  11 blink frogs
  6 two-headed ogres
  A hornet zombie (D:14)
  5 snapping turtles
  A fire vortex (D:14)
  2 trapdoor spider zombies
  A spriggan zombie (D:15)
  10 slime creatures
  2 basilisks
  45 yaks
  9 water elementals
  6 wraiths
  5 wyverns
  A vampire (D:14)
  A shadow (D:12)
  7 hippogriffs
  2 dire elephant simulacra (IceCv)
  4 harpy simulacra (IceCv)
  A hungry ghost (D:15)
  A steam dragon (Lair:2)
  Grum (D:13)
  3 deep elf magi
  A golden eye (shapeshifter) (D:14)
  34 wolves
  9 soldier ants (Lair:3)
  8 wargs
  9 porcupines
  4 vampire mosquitoes (D:14)
  2 iron troll simulacra (IceCv)
  A human zombie (D:15)
  29 water moccasins
  3 mottled dragons
  59 nagas
  An alligator simulacrum (IceCv)
  52 orc warriors
  6 ice beasts
  A hydra simulacrum (IceCv)
  3 sky beasts
  A black bear (D:11)
  23 ogres
  3 boggarts (D:15)
  2 boring beetles (Lair:8)
  An eye of draining (D:14)
  3 phantoms
  10 crocodiles
  12 centaurs
  6 big kobolds
  17 giant frogs
  A gnoll sergeant (Orc:4)
  A wyvern zombie (D:14)
  A water moccasin zombie (D:5)
  2 scorpions
  A wyvern skeleton (D:11)
  17 killer bees
  15 wights
  4 crimson imps
  3 electric eels
  A draconian simulacrum (IceCv)
  A quasit (D:15)
  11 hounds
  A lava snake (D:14)
  4 jellies
  5 centaur zombies
  36 orc priests
  A giant frog zombie (D:8)
  4 polar bear simulacra (IceCv)
  4 iguanas
  6 giant frog skeletons
  31 orc wizards
  2 troll simulacra (IceCv)
  20 worker ants
  34 sheep
  2 spriggan simulacra (IceCv)
  A wolf simulacrum (IceCv)
  Jessica (D:2)
  3 big kobold zombies (Ossuary)
  2 hound skeletons
  4 mummies (Ossuary)
  7 gnolls
  26 adders
  4 worker ant zombies
  33 river rats
  2 giant mites (D:6)
  3 naga simulacra (IceCv)
  An ogre simulacrum (IceCv)
  5 white imps
  A shadow imp (D:6)
  2 worms
  5 ufetubi
  An adder skeleton (D:5)
  8 giant geckos
  An ooze (D:2)
  279 orcs
  A bat skeleton (D:6)
  A gnoll zombie (Ossuary)
  27 hobgoblins
  15 jackals
  40 kobolds
  10 quokkas
  A ball python (D:2)
  15 bats
  4 giant cockroaches (D:3)
  A giant gecko skeleton (D:5)
  13 giant newts
  28 goblins
  A hobgoblin zombie (Ossuary)
  3 orc zombies
  17 rats
  10 plants
1572 creatures vanquished.

Vanquished Creatures (others)
  A black mamba (Snake:5)
  9 drowned souls
  2 water elementals (Shoals:3)
  An orc wizard (Orc:4)
  A goblin (D:3)
  A rat (D:3)
  A fungus (Lair:3)
  3 plants
19 creatures vanquished.

Grand Total: 1591 creatures vanquished

Notes
Turn   | Place    | Note
--------------------------------------------------------------
     0 | D:1      | dysrexia, the Vine Stalker Gladiator, began the quest for the Orb.
     0 | D:1      | Reached XP level 1. HP: 11/11 MP: 1/1
   146 | D:1      | Reached skill level 3 in Maces & Flails
   193 | D:1      | Reached XP level 2. HP: 12/15 MP: 3/3
   404 | D:1      | Reached XP level 3. HP: 15/18 MP: 4/4
   593 | D:2      | Reached skill level 4 in Maces & Flails
   681 | D:2      | Found a stormy altar of Qazlal.
   681 | D:2      | Found a deep blue altar of Sif Muna.
   730 | D:2      | Reached XP level 4. HP: 12/23 MP: 3/5
   826 | D:2      | Noticed Jessica
   834 | D:2      | Killed Jessica
  1138 | D:2      | Reached skill level 5 in Maces & Flails
  1167 | D:2      | Reached XP level 5. HP: 22/26 MP: 7/7
  1462 | D:3      | Found a white marble altar of Elyvilon.
  1500 | D:3      | Found a basalt altar of Yredelemnul.
  1653 | D:4      | Found a blossoming altar of Fedhas.
  1783 | D:4      | Found a staircase to the Ecumenical Temple.
  1796 | Temple   | Entered the Ecumenical Temple
  1813 | Temple   | Became a worshipper of Ashenzari the Shackled
  1855 | D:4      | Reached skill level 6 in Maces & Flails
  1855 | D:4      | Gained mutation: You heal very quickly. [vine stalker growth]
  1855 | D:4      | Reached XP level 6. HP: 24/30 MP: 6/8
  2097 | D:4      | Found an iron altar of Okawaru.
  2217 | D:5      | Entered Level 5 of the Dungeon
  2417 | D:5      | Reached skill level 7 in Maces & Flails
  2417 | D:5      | Reached XP level 7. HP: 34/34 MP: 9/9
  2917 | D:5      | Reached skill level 8 in Maces & Flails
  3069 | D:6      | Gained mutation: You have razor-sharp teeth. [vine stalker growth]
  3069 | D:6      | Reached XP level 8. HP: 38/38 MP: 11/11
  3080 | D:6      | Found a snail-covered altar of Cheibriados.
  3148 | D:5      | Reached skill level 9 in Maces & Flails
  3351 | D:6      | Reached skill level 10 in Maces & Flails
  3696 | D:7      | Reached XP level 9. HP: 39/42 MP: 10/12
  3717 | D:7      | Found Zin's Purification Station.
  3722 | D:7      | Found a glowing silver altar of Zin.
  3799 | D:7      | Found a sand-covered staircase.
  3804 | Ossuary  | Entered an ossuary
  3949 | Ossuary  | Reached skill level 11 in Maces & Flails
  3993 | D:7      | Identified a scroll of acquirement
  4463 | D:8      | Reached skill level 12 in Maces & Flails
  4719 | D:8      | Found a sacrificial altar of Ru.
  4898 | D:8      | Found a staircase to the Lair.
  4900 | D:8      | Noticed a komodo dragon
  4916 | D:8      | Killed a komodo dragon
  4916 | D:8      | Reached XP level 10. HP: 28/46 MP: 13/13
  4929 | Lair:1   | Entered Level 1 of the Lair of Beasts
  4929 | Lair:1   | Noticed a black mamba
  4938 | Lair:1   | Killed a black mamba
  5124 | Lair:1   | Noticed Nergalle
  5147 | Lair:1   | Killed Nergalle
  5332 | Lair:1   | Acquired Ashenzari's first power
  5362 | Lair:1   | Reached skill level 5 in Fighting
  5451 | Lair:1   | Noticed Gastronok
  5497 | Lair:1   | Killed Gastronok
  5497 | Lair:1   | Reached XP level 11. HP: 53/60 MP: 15/15
  5538 | Lair:1   | Noticed Erica
  5546 | Lair:1   | Killed Erica
  5675 | Lair:1   | Noticed Harold
  5691 | Lair:1   | Killed Harold
  5987 | Lair:2   | Noticed a five-headed hydra
  5999 | Lair:2   | Killed a five-headed hydra
  5999 | Lair:2   | Reached skill level 10 in Fighting
  6118 | Lair:2   | Acquired Ashenzari's second power
  6692 | Lair:3   | Reached skill level 1 in Armour
  6718 | Lair:3   | Noticed a four-headed hydra
  6718 | Lair:3   | Noticed a six-headed hydra
  6728 | Lair:3   | Killed a four-headed hydra
  6731 | Lair:3   | Reached skill level 13 in Maces & Flails
  6805 | Lair:3   | Noticed a five-headed hydra
  6809 | Lair:3   | Gained mutation: You regenerate. [vine stalker growth]
  6809 | Lair:3   | Reached XP level 12. HP: 54/70 MP: 12/16
  6817 | Lair:3   | Killed a five-headed hydra
  7134 | Lair:3   | Found a staircase to the Shoals.
  7530 | Lair:4   | Noticed a four-headed hydra
  7540 | Lair:4   | Killed a four-headed hydra
  7714 | Lair:4   | Acquired Ashenzari's third power
  7719 | Lair:4   | Reached skill level 5 in Dodging
  7825 | Lair:4   | Noticed a seven-headed hydra
  7841 | Lair:4   | Killed a seven-headed hydra
  8146 | Lair:5   | Noticed a death yak
  8162 | Lair:5   | Killed a death yak
  8162 | Lair:5   | Reached skill level 5 in Armour
  8637 | Lair:6   | Noticed Fannar
  8647 | Lair:6   | Killed Fannar
  8647 | Lair:6   | Reached XP level 13. HP: 74/74 MP: 17/17
  8745 | Lair:6   | Noticed a four-headed hydra
  8892 | Lair:6   | Reached skill level 14 in Maces & Flails
  9052 | Lair:6   | Acquired Ashenzari's fourth power
  9106 | Lair:6   | Found a staircase to the Snake Pit.
  9976 | Lair:8   | Entered Level 8 of the Lair of Beasts
 10480 | Lair:8   | Found a staircase to the Slime Pits.
 10572 | Lair:8   | Reached skill level 1 in Evocations
 10619 | Lair:8   | Noticed a dire elephant
 10622 | Lair:8   | Reached XP level 14. HP: 72/79 MP: 17/20
 10632 | Lair:8   | Killed a dire elephant
 11754 | D:10     | Entered Level 10 of the Dungeon
 11791 | D:10     | Found a staircase to the Orcish Mines.
 11843 | D:10     | Reached skill level 15 in Maces & Flails
 12557 | Orc:1    | Entered Level 1 of the Orcish Mines
 12774 | Orc:2    | Found a bloodstained altar of Trog.
 12907 | Orc:2    | Found Pionocos' General Store.
 12933 | Orc:2    | Found a burning altar of Makhleb.
 13545 | Orc:3    | Found a radiant altar of Vehumet.
 13848 | Orc:4    | Entered Level 4 of the Orcish Mines
 14056 | Orc:4    | Found Plorhon's Gadget Shop.
 14056 | Orc:4    | Noticed an orc warlord
 14057 | Orc:4    | Found Pranecig's Weapon Boutique.
 14402 | Orc:4    | Reached skill level 5 in Evocations
 14467 | Orc:4    | Found a staircase to the Elven Halls.
 14574 | Orc:4    | Found a roughly hewn altar of Beogh.
 14742 | Orc:4    | Killed an orc warlord
 15113 | Orc:4    | Noticed an orc warlord
 15148 | Orc:4    | Killed an orc warlord
 15296 | Orc:4    | Found Muaqi's Magic Scroll Shop.
 15303 | Orc:4    | Bought a scroll of teleportation for 36 gold pieces
 15303 | Orc:4    | Bought a scroll of enchant armour for 90 gold pieces
 15303 | Orc:4    | Bought a scroll of remove curse for 36 gold pieces
 15303 | Orc:4    | Bought a scroll of enchant armour for 90 gold pieces
 15303 | Orc:4    | Bought a scroll of blinking for 90 gold pieces
 15303 | Orc:4    | Bought a scroll of teleportation for 36 gold pieces
 15303 | Orc:4    | Bought a scroll of recharging for 114 gold pieces
 15314 | Orc:4    | Found a roughly hewn altar of Beogh.
 15333 | Orc:4    | Found Guifrurphi's Food Boutique.
 15360 | Orc:4    | Reached XP level 15. HP: 77/83 MP: 23/25
 15672 | D:11     | Noticed Josephine
 15686 | D:11     | Killed Josephine
 15710 | D:11     | Noticed Nessos
 15718 | D:11     | Killed Nessos
 15778 | D:11     | Found a huge runed gate.
 15778 | D:11     | Found a huge runed gate.
 15779 | D:11     | Found a huge runed gate.
 15780 | D:11     | Found a huge runed gate.
 16163 | D:11     | Found Fometz's Antique Weapon Boutique.
 16731 | D:12     | Found an iron altar of Okawaru.
 17194 | D:13     | Reached skill level 10 in Dodging
 17393 | D:13     | Noticed Grum
 17399 | D:13     | Killed Grum
 17584 | D:13     | Noticed Psyche
 17591 | D:13     | Killed Psyche
 17756 | D:14     | Found a stormy altar of Qazlal.
 17870 | D:14     | Found Exan's Distillery.
 17879 | D:14     | Bought a potion of resistance for 170 gold pieces
 17879 | D:14     | Bought a potion of resistance for 170 gold pieces
 17976 | D:14     | Reached skill level 16 in Maces & Flails
 18202 | D:14     | Found a gate to the Vaults.
 18562 | D:15     | Entered Level 15 of the Dungeon
 18789 | D:15     | Learned a level 4 spell: Control Teleport
 18953 | D:15     | Found a glowing golden altar of the Shining One.
 18993 | D:15     | Reached XP level 16. HP: 88/88 MP: 26/26
 19015 | D:15     | Found a staircase to the Depths.
 19986 | Snake:1  | Entered Level 1 of the Snake Pit
 21758 | Snake:3  | Reached skill level 10 in Armour
 21836 | Snake:3  | Reached skill level 5 in Charms
 21836 | Snake:3  | Reached XP level 17. HP: 95/95 MP: 27/27
 22404 | Snake:4  | Found a flickering gateway to a bazaar.
 22418 | Bazaar   | Entered a bazaar
 22418 | Bazaar   | Found Rietem's Gadget Shoppe.
 22418 | Bazaar   | Found Cuaxuawk's Jewellery Emporium.
 22419 | Bazaar   | Found Phitroecki's General Store.
 22444 | Bazaar   | Bought a phial of floods for 480 gold pieces
 22446 | Bazaar   | Bought a scroll of silence for 127 gold pieces
 22446 | Bazaar   | Bought a potion of haste for 170 gold pieces
 22446 | Bazaar   | Bought a potion of agility for 68 gold pieces
 22446 | Bazaar   | Bought a scroll of fear for 59 gold pieces
 22446 | Bazaar   | Bought a scroll of blinking for 127 gold pieces
 22635 | Snake:4  | Reached skill level 17 in Maces & Flails
 22810 | Snake:4  | Reached XP level 18. HP: 87/100 MP: 28/28
 22943 | Snake:4  | Gained mutation: You can translocate small distances at will. [potion of beneficial mutation]
 23092 | Snake:4  | Found a runed gate.
 23093 | Snake:4  | Found a runed gate.
 23095 | Snake:4  | Found a runed gate.
 23160 | Snake:5  | Entered Level 5 of the Snake Pit
 23684 | Shoals:1 | Entered Level 1 of the Shoals
 23728 | Shoals:1 | Reached skill level 1 in Shields
 24119 | Shoals:1 | Found Smaorhaja's Antique Armour Boutique.
 24121 | Shoals:1 | Identified the cursed -5 scale mail of Narcissism {Dex+6}
 24130 | Shoals:1 | Bought a crude cloak for 351 gold pieces
 24130 | Shoals:1 | Identified the cursed +0 cloak of the Albatross {+Inv rF+ MR+ Dex-3} (You bought it in a shop on level 1 of the Shoals)
 24271 | Shoals:2 | Noticed Nikola
 24296 | Shoals:2 | Killed Nikola
 24407 | Shoals:2 | Identified the +1 robe "Icsoisoss" {rC++ MP+9 Str-3}
 25116 | Shoals:3 | Found a frozen archway.
 25119 | Shoals:3 | Noticed Aizul
 25139 | Shoals:3 | Killed Aizul
 25221 | IceCv    | Entered an ice cave
 25262 | IceCv    | Identified the +5 trident "Rocotz" {pain, rF++ MR- MP+9 SInv}
 25605 | IceCv    | Reached skill level 5 in Shields
 25638 | IceCv    | Identified the cursed -1 pair of gloves "Famuluh" {Int+4}
 25808 | Shoals:4 | Noticed Norris
 25839 | Shoals:3 | Killed Norris
 26403 | Shoals:4 | Noticed Agnes
 26584 | Shoals:4 | Killed Agnes
 26584 | Shoals:4 | Reached XP level 19. HP: 78/107 MP: 21/29
 26805 | Shoals:5 | Entered Level 5 of the Shoals
 26805 | Shoals:5 | Noticed Ilsuiw
 26822 | Shoals:4 | Reached skill level 18 in Maces & Flails
 26914 | Shoals:5 | Killed Ilsuiw
 27101 | Shoals:5 | Noticed Roxanne
 27147 | Shoals:5 | Identified the +10 halberd of the Spheres {venom, rF+ Int+3} (You took it off a merfolk on level 5 of the Shoals)
 27503 | Shoals:5 | Identified the amulet "Vilergh" {Stasis rElec rC+ Dex+4 Slay-6} (You took it off a siren on level 5 of the Shoals)
 27523 | Shoals:5 | Reached skill level 15 in Fighting
 27822 | Shoals:5 | Got a barnacled rune of Zot
 29578 | Snake:5  | Noticed Wiglaf
 29598 | Snake:5  | HP: 3/108 [Wiglaf/war axe of flaming (10)]
 29609 | Snake:5  | Killed from afar by a shock serpent

Action                   |  1- 3 |  4- 6 |  7- 9 | 10-12 | 13-15 | 16-18 | 19-21 || total
-------------------------+-------+-------+-------+-------+-------+-------+-------++-------
Melee: Flail             |   110 |   259 |    30 |       |       |       |       ||   399
       Eveningstar       |       |       |   198 |   508 |  1784 |       |       ||  2490
       Morningstar       |       |       |       |       |    65 |  1198 |   425 ||  1688
Throw: Throwing net      |       |       |     2 |       |       |       |       ||     2
Invok: Scrying           |       |       |       |       |     4 |     2 |     5 ||    11
Evoke: Wand              |       |       |       |       |       |     1 |     1 ||     2
       Lamp of fire      |       |       |       |       |       |     1 |       ||     1
       Phial of floods   |       |       |       |       |       |     1 |       ||     1
  Use: Scroll            |     3 |     7 |    15 |    11 |    18 |    18 |     2 ||    74
       Potion            |     1 |       |       |     2 |     1 |     6 |     1 ||    11
  Eat: Chunk             |       |     5 |     6 |    13 |    34 |    17 |     7 ||    82
       Royal jelly       |       |       |     1 |       |       |       |       ||     1
       Pizza             |       |       |       |       |     1 |     2 |       ||     3
       Beef jerky        |       |       |       |       |       |     3 |       ||     3
       Meat ration       |       |       |       |       |       |     1 |       ||     1
